 Dungeon Crawl Stone Soup version 0.26-a0-651-gb41185065b (webtiles) character file.

Game seed: 7011194119062890645

259465 Mesmaeker13 the Mender (level 19, -5/147 HPs)
             Began as a Deep Dwarf Hunter on Oct 8, 2020.
             Was a Priest of Elyvilon.
             Killed from afar by an iron dragon (6 damage)
             ... with a spray of metal splinters
             ... on level 1 of the Depths on Oct 9, 2020.
             The game lasted 02:21:02 (42000 turns).

Mesmaeker13 the Mender (Deep Dwarf Hunter)         Turns: 42000, Time: 02:21:03

Health: -5/147     AC: 30    Str: 21    XL:     19   Next: 53%
Magic:  29/29      EV: 24    Int: 14    God:    Elyvilon [***...]
Gold:   2669       SH:  0    Dex: 14    Spells: 18/18 levels left

rFire    + . .     SeeInvis .   b - +3 broad axe (flame)
rCold    + . .     Faith    .   M - +2 kite shield
rNeg     + . .     Spirit   .   j - +3 plate armour {rF+}
rPois    .         Reflect  .   n - +0 helmet
rElec    .         Harm     .   F - +1 cloak
rCorr    .         Rampage  .   f - +0 pair of gloves
MR       ++...                  o - +1 pair of boots
Stlth    ..........             D - amulet of the acrobat
HPRegen  0.00/turn              r - ring of protection from cold
MPRegen  0.21/turn              s - +4 ring of evasion

@: petrifying, acrobat, non-regenerating, very slow
A: damage resistance, heal wounds, negative energy resistance 1, sense
surroundings 3, no regeneration
}: 1/15 runes: gossamer
a: Heal Wounds, Lesser Healing, Heal Other, Purification, Divine Protection,
Renounce Religion


You were on level 1 of the Depths.
You worshipped Elyvilon.
Elyvilon was most pleased with you.
You visited 7 branches of the dungeon, and saw 32 of its levels.

You collected 3284 gold pieces.
You spent 615 gold pieces at shops.

Inventory:

Hand Weapons
 a - a +5 vorpal hand crossbow
 b - a +3 broad axe of flaming (weapon)
 t - a +2 war axe of freezing
Missiles
 d - 266 bolts
 A - 3 throwing nets (quivered)
 I - 25 javelins
 T - 8 boomerangs of dispersal
 V - 2 curare-tipped darts
Armour
 f - a +0 pair of gloves (worn)
 j - a +3 plate armour of fire resistance (worn)
 n - a +0 helmet (worn)
 o - a +1 pair of boots (worn)
 E - a +0 tower shield
 F - a +1 cloak (worn)
 M - a +2 kite shield (worn)
 N - +0 ice dragon scales
Jewellery
 m - an uncursed ring of see invisible
 p - the ring of Pikhumor {+Blink rElec MR+ MP+9}
   (You found it on level 6 of the Lair of Beasts)

   [ring of protection from magic]

   It insulates you from electricity.
   It affects your resistance to hostile enchantments.
   It affects your magic capacity (+9).
   It lets you blink.
 r - a ring of protection from cold (left hand)
 s - a +4 ring of evasion (right hand)
 D - an amulet of the acrobat (around neck)
 S - an uncursed ring of poison resistance
Scrolls
 e - 2 scrolls of immolation
 h - a scroll of summoning
 i - 6 scrolls of blinking
 l - a scroll of silence
 q - 9 scrolls of remove curse
 u - 2 scrolls of amnesia
 v - 7 scrolls of teleportation
 w - 3 scrolls of identify
 x - a scroll of fog
 C - 3 scrolls of enchant armour
 G - a scroll of acquirement {unknown}
 H - 4 scrolls of magic mapping
Potions
 c - 9 potions of lignification
 k - a potion of heal wounds
 z - a potion of brilliance
 B - 4 potions of stabbing
 J - 5 potions of flight
 L - a potion of mutation
 O - a potion of cancellation
 W - a potion of resistance
Miscellaneous
 g - a lightning rod (4/4)
 y - a phantom mirror
 Q - a tin of tremorstones (3/3)


   Skills:
 - Level 4.1 Fighting
 - Level 18.0 Axes
 - Level 10.0 Crossbows
 + Level 17.8 Armour
 - Level 4.1 Dodging
 - Level 1.2 Stealth
 - Level 15.0 Shields
 + Level 20.4 Invocations
 - Level 11.1 Evocations


You had 18 spell levels left.
You didn't know any spells.
Your spell library contained the following spells:

 Spells                   Type           Power        Failure   Level
 Animate Skeleton         Necr           #.....       93%         1
 Apportation              Tloc           #.....       93%         1
 Corona                   Hex            #......      93%         1
 Magic Dart               Conj           #...         93%         1
 Pain                     Necr           #...         93%         1
 Blink                    Tloc           N/A          98%         2
 Call Imp                 Summ           #.......     98%         2
 Ensorcelled Hibernation  Hex/Ice        #.....       98%         2
 Slow                     Hex            #.......     98%         2
 Confusing Touch          Hex            #.......     100%        3
 Conjure Flame            Conj/Fire      #.......     100%        3
 Gell's Gravitas          Tloc           #.........   100%        3
 Inner Flame              Hex/Fire       #.......     100%        3
 Lesser Beckoning         Tloc           #.........   100%        3
 Mephitic Cloud           Conj/Pois/Air  #.......     100%        3
 Portal Projectile        Hex/Tloc       #.....       100%        3
 Tukima's Dance           Hex            #.......     100%        3
 Vampiric Draining        Necr           #.........   100%        3
 Animate Dead             Necr           #.........   100%        4
 Cause Fear               Hex            #.........   100%        4
 Ice Form                 Ice/Tmut       #.......     100%        4
 Leda's Liquefaction      Hex/Erth       #.........   100%        4
 Petrify                  Tmut/Erth      #.......     100%        4
 Summon Ice Beast         Ice/Summ       #.......     100%        4
 Agony                    Necr           #.......     100%        5
 Alistair's Intoxication  Tmut/Pois      #........    100%        5
 Bolt of Magma            Conj/Fire/Erth #.........   100%        5
 Borgnjor's Vile Clutch   Necr/Erth      #.........   100%        5
 Irradiate                Conj/Tmut      #.........   100%        5
 Metabolic Englaciation   Hex/Ice        #.........   100%        5
 Silence                  Hex/Air        #.........   100%        5
 Summon Mana Viper        Hex/Summ       #.......     100%        5
 Yara's Violent Unravell  Hex/Tmut       #.........   100%        5
 Death Channel            Necr           #.........   100%        6
 Freezing Cloud           Conj/Ice/Air   #.........   100%        6
 Hydra Form               Tmut           #.........   100%        6
 Invisibility             Hex            #.......     100%        6
 Iron Shot                Conj/Erth      #.........   100%        6
 Ozocubu's Refrigeration  Ice            #.........   100%        6
 Shadow Creatures         Summ           N/A          100%        6
 Simulacrum               Ice/Necr       #.........   100%        6
 Statue Form              Tmut/Erth      #........    100%        6
 Dragon Form              Tmut           #.........   100%        7
 Malign Gateway           Summ/Tloc      #.........   100%        7
 Monstrous Menagerie      Summ           #.........   100%        7
 Summon Greater Demon     Summ           #.........   100%        7
 Summon Horrible Things   Summ           #.........   100%        8
 Shatter                  Erth           #.........   100%        9


Dungeon Overview and Level Annotations

Branches:
Dungeon (15/15)            Temple (1/1) D:4            Lair (6/6) D:11
 Shoals (3/4) Lair:3       Spider (4/4) Lair:3          Orc (2/2) D:10
    Elf (0/3) Orc:2        Vaults (0/5) D:13         Depths (1/5) D:15
  Slime: Lair:5-6

Altars:
Ashenzari
Cheibriados
Elyvilon
Fedhas
Gozag
Hepliaklqana
Kikubaaqudgha
Makhleb
Nemelex Xobeh
Okawaru
Qazlal
Ru
Sif Muna
Trog
Uskayaw
Vehumet
Xom
Yredelemnul
Zin
Beogh

Shops:
Orc:1 :?:=   Orc:2 ((}

Portals:
Hell: Depths:1
Trove: D:13 (show slimy rune of Zot)

Annotations:
D:7 1 runed translucent door, PanSaczeczos's ghost, novice DsAK
Lair:3 exclusion: 2 oklob plants
Lair:4 exclusion: oklob plant
Lair:5 exclusion: oklob plant
Spider:2 3 runed translucent doors, p0werm0de's ghost, journeyman DDFi
Orc:1 1 exclusion


Innate Abilities, Weirdness & Mutations

You are resistant to damage.
You can heal yourself by infusing magical energy.
You resist negative energy. (rN+)
You passively map a large area around you.
You do not regenerate.


Message History

You completely miss the catoblepas.
You hit the catoblepas but do no damage.
The catoblepas barely misses you.
Unknown command.
You slash the catoblepas! You burn the catoblepas!
The catoblepas is moderately wounded.
The catoblepas barely misses you.
Unknown command.
You slice the catoblepas!! You burn the catoblepas!
The catoblepas is severely wounded.
The catoblepas breathes a plume of calcifying dust at you.
The blast of calcifying dust hits you but does no damage.
Unknown command.
You slice the catoblepas!! You burn the catoblepas.
You kill the catoblepas!
You are engulfed in calcifying dust.
You are slowing down.
The iron dragon breathes metal splinters at you.
The spray of metal splinters hits you!
You die...

####.#### ##
#.#.#.#.# #.
####.###.#
##. #.#.##
##.# #..
##.## .##.##
##' #§## !.
#.# #.
##§##,#C
#.#########.
#.#§##D##.#
#....†#.
####@#$#.#*
#...†.'.
#.#D#.#
##..####
####E#* #..#
# ### ####


You could see an iron dragon (catching breath) and an earth elemental.

Vanquished Creatures
  Nikola (Shoals:2)
  Arachne (Spider:2)
  Kirke (Lair:4)
  Donald (Shoals:2)
  2 frost giants (Depths:1)
  6 ghost moths
  2 emperor scorpions (Spider:4)
  An orc warlord (Orc:2)
  Louise (D:14)
  5 very ugly things (Depths:1)
  3 stone giants (Depths:1)
  3 entropy weavers
  Nessos (Lair:6)
  A dire elephant (Lair:6)
  3 spark wasps (Spider:4)
  An ettin (D:15)
  2 merfolk javelineers (Shoals:3)
  A yaktaur captain (D:13)
  5 merfolk impalers
  A great orb of eyes (Depths:1)
  7 hydras
  Harold (D:6)
  2 rakshasas (Depths:1)
  A merfolk avatar (Lair:6)
  5 centaur warriors
  2 catoblepae (Depths:1)
  6 vault guards (D:13)
  3 merfolk aquamancers
  28 two-headed ogres
  Erica (D:9)
  3 satyrs (Shoals:2)
  A deep troll earth mage (Depths:1)
  7 ogre magi
  A tengu warrior (D:15)
  An orc high priest (Orc:2)
  4 hell knights (Depths:1)
  A deep elf knight (D:15)
  Nergalle (Lair:3)
  4 skeletal warriors (D:14)
  4 deep trolls (Depths:1)
  2 unseen horrors (D:14)
  A glowing orange brain (Depths:1)
  10 sea snakes
  A wizard (D:13)
  15 harpies (Shoals:1)
  2 necromancers (Depths:1)
  32 wolf spiders
  3 cyclopes
  26 ugly things
  13 fauns (Shoals:2)
  6 manticores
  A deep elf mage (D:13)
  17 orb spiders
  9 orc sorcerers
  A moth of wrath (Spider:2)
  7 elephants
  4 black mambas
  5 merfolk sirens
  A moth of wrath (shapeshifter) (Depths:1)
  14 cane toads
  2 torpor snails
  3 water nymphs
  A gargoyle (D:12)
  6 rime drakes
  16 demonic crawlers
  6 yaktaurs (Depths:1)
  8 komodo dragons
  19 merfolk
  6 trolls
  9 polar bears
  2 tengu conjurers (D:15)
  A troll (shapeshifter) (Depths:1)
  An efreet (D:14)
  39 jumping spiders
  12 hornets
  3 snapping turtles
  3 wind drakes
  A hornet (shapeshifter) (D:14)
  8 blink frogs
  6 slime creatures
  Grinder (D:4)
  3 dream sheep (Shoals:3)
  8 hippogriffs
  A centaur simulacrum (D:14)
  86 redbacks
  59 yaks
  9 wyverns
  11 water elementals
  25 tarantellas
  2 vampires (D:13)
  6 basilisks
  5 hogs
  3 wraiths
  A human (D:13)
  3 wargs
  2 soldier ants
  10 water moccasins
  5 porcupines
  23 orc warriors
  3 sky beasts
  A hornet zombie (D:6)
  2 necrophages
  An ice beast (D:11)
  30 ogres
  An eye of draining (D:13)
  5 black bears (Lair:1)
  A phantom (D:13)
  6 wolves (Lair:1)
  16 centaurs
  3 big kobolds
  13 crocodiles
  3 gnoll sergeants (D:5)
  2 wyvern zombies
  12 bullfrogs
  5 earth elementals (Depths:1)
  6 scorpions
  2 water moccasin skeletons
  A wyvern skeleton (D:14)
  9 killer bees
  8 howler monkeys
  9 wights
  4 electric eels
  3 centaur zombies
  A bullfrog zombie (D:5)
  6 jellies
  2 gnoll shamans (D:5)
  2 quasits
  23 orc priests
  8 hounds
  2 centaur skeletons
  3 bullfrog skeletons
  Terence (D:2)
  18 orc wizards
  8 worker ants
  A killer bee zombie (D:8)
  A hound zombie (D:10)
  A mummy (D:8)
  4 worker ant zombies
  10 adders
  19 gnolls
  3 shadow imps
  2 white imps
  5 ufetubi
  2 adder zombies
  4 worms
  A dart slug (D:1)
  12 leopard geckos
  64 orcs
  9 bats
  6 giant cockroaches
  12 goblins
  6 hobgoblins
  8 jackals
  3 quokkas
  6 ball pythons
  6 frilled lizards
  2 hobgoblin zombies (D:8)
  A jackal skeleton (D:3)
  28 kobolds
  2 kobold zombies (D:8)
  A quokka skeleton (D:4)
  5 rats
1154 creatures vanquished.

Vanquished Creatures (collateral kills)
  A very ugly thing (Depths:1)
  A merfolk javelineer (Shoals:3)
  2 merfolk impalers (Shoals:3)
  An ettin (Depths:1)
  2 ugly things (D:15)
7 creatures vanquished.

Vanquished Creatures (others)
  A hell knight (D:15)
  A wind drake (Shoals:2)
  A redback (Spider:2)
  A yak (Lair:3)
  A water moccasin (Lair:3)
  An orc priest (Orc:2)
  An orc (Orc:2)
  A bush (D:5)
  28 fungi
  120 plants
  2 withered plants (D:7)
158 creatures vanquished.

Grand Total: 1319 creatures vanquished

Notes
Turn   | Place    | Note
-------+----------+-------------------------------------------
     0 | D:1      | Mesmaeker13 the Deep Dwarf Hunter began the quest for the
                  | Orb.
     0 | D:1      | Reached XP level 1. HP: 19/19 MP: 1/1
    90 | D:1      | Reached XP level 2. HP: 26/26 MP: 2/2
   429 | D:1      | Reached XP level 3. HP: 26/33 MP: 3/3
   960 | D:2      | Reached skill level 5 in Crossbows
  1008 | D:2      | Reached XP level 4. HP: 12/40 MP: 4/4
  1212 | D:2      | Found a radiant altar of Vehumet.
  1303 | D:2      | Reached XP level 5. HP: 29/49 MP: 4/4
  1323 | D:2      | Found an iron altar of Okawaru.
  1396 | D:2      | Noticed Terence
  1408 | D:2      | Killed Terence
  1475 | D:2      | Found a basalt altar of Yredelemnul.
  2074 | D:3      | Reached skill level 1 in Axes
  2834 | D:4      | Noticed Grinder
  2846 | D:4      | Killed Grinder
  2846 | D:4      | Reached skill level 1 in Armour
  2846 | D:4      | Reached XP level 6. HP: 38/57 MP: 4/4
  2849 | D:4      | Found a sacrificial altar of Ru.
  3272 | D:4      | Reached XP level 7. HP: 32/64 MP: 5/5
  3474 | D:4      | Found a glowing silver altar of Zin.
  3518 | D:4      | Found a staircase to the Ecumenical Temple.
  3655 | Temple   | Entered the Ecumenical Temple
  3680 | Temple   | Became a worshipper of Elyvilon the Healer
  3722 | D:5      | Entered Level 5 of the Dungeon
  4048 | D:5      | Reached skill level 1 in Invocations
  4105 | D:5      | Reached skill level 2 in Invocations
  4361 | D:5      | Reached * piety under Elyvilon
  4381 | D:5      | Reached skill level 3 in Invocations
  4381 | D:5      | Reached XP level 8. HP: 38/72 MP: 6/8
  4585 | D:5      | Found a hazy altar of Hepliaklqana.
  4880 | D:5      | Reached skill level 4 in Invocations
  4976 | D:6      | Found a shimmering blue altar of Sif Muna.
  5072 | D:6      | Found a stormy altar of Qazlal.
  5081 | D:6      | Identified Sif Muna's Grimoire of the Enchanting Glacier
  5277 | D:6      | Reached skill level 5 in Axes
  5414 | D:6      | Reached skill level 5 in Armour
  5414 | D:6      | Reached skill level 5 in Invocations
  5491 | D:6      | Reached ** piety under Elyvilon
  5633 | D:6      | Found a sparkling altar of Nemelex Xobeh.
  5753 | D:7      | Gained mutation: You passively map the area around you.
                  | [Deep Dwarf growth]
  5753 | D:7      | Reached XP level 9. HP: 26/78 MP: 9/11
  5756 | D:7      | Noticed Harold
  6007 | D:6      | Killed Harold
  6007 | D:6      | Reached skill level 6 in Invocations
  6205 | D:7      | Reached skill level 7 in Invocations
  6664 | D:7      | Found a runed translucent door.
  6664 | D:7      | Noticed PanSaczeczos's ghost (novice DsAK)
  7259 | D:8      | Noticed a +0 dagger
  7259 | D:8      | Noticed a +0 hand axe
  7260 | D:8      | Found a hide-covered altar of Uskayaw.
  7277 | D:8      | Reached XP level 10. HP: 50/85 MP: 13/13
  7483 | D:8      | Reached *** piety under Elyvilon
  7932 | D:8      | Reached skill level 8 in Invocations
  8319 | D:9      | Noticed Erica
  8332 | D:9      | Killed Erica
  8384 | D:9      | Reached skill level 9 in Invocations
  8399 | D:9      | Reached skill level 10 in Crossbows
  8570 | D:9      | Found a shimmering altar of Xom.
  8695 | D:9      | Found a bloodstained altar of Trog.
  8856 | D:9      | Reached **** piety under Elyvilon
  9119 | D:10     | Entered Level 10 of the Dungeon
  9149 | D:10     | Reached skill level 1 in Evocations
  9218 | D:10     | Found a snail-covered altar of Cheibriados.
  9352 | D:10     | Found a staircase to the Orcish Mines.
  9831 | D:10     | Reached skill level 1 in Shields
 10170 | D:11     | Found a staircase to the Lair.
 10220 | D:11     | Reached XP level 11. HP: 52/92 MP: 16/16
 10344 | D:11     | Found Ranov's General Store.
 10390 | D:11     | Reached ***** piety under Elyvilon
 10521 | D:11     | Reached skill level 10 in Invocations
 10834 | D:11     | Noticed a two-headed ogre
 11305 | D:11     | Killed a two-headed ogre
 11443 | Lair:1   | Entered Level 1 of the Lair of Beasts
 12108 | Lair:1   | Reached skill level 5 in Evocations
 12115 | Lair:1   | Got an opal-encrusted chain mail
 12136 | Lair:1   | Identified the +5 chain mail "Jihyrch" {Rampage *Corrode
                  | rPois rN++} (You found it on level 1 of the Lair of Beasts)
 12231 | Lair:1   | Noticed a five-headed hydra
 12242 | Lair:1   | Killed a one-headed hydra
 12261 | Lair:1   | Reached skill level 10 in Axes
 12261 | Lair:1   | Reached skill level 11 in Invocations
 12705 | Lair:1   | Found a burning altar of Makhleb.
 13136 | Lair:2   | Reached skill level 5 in Shields
 13136 | Lair:2   | Reached XP level 12. HP: 77/99 MP: 18/18
 13152 | Lair:1   | Reached skill level 10 in Armour
 13297 | Lair:2   | You fall into a shaft and drop 2 floors!
 13315 | Lair:4   | Noticed a seven-headed hydra
 13406 | Lair:3   | Noticed a six-headed hydra
 13417 | Lair:3   | Killed a three-headed hydra
 13554 | Lair:3   | Noticed Nergalle
 13577 | Lair:3   | Killed Nergalle
 13855 | Lair:3   | Found a hole to the Spider Nest.
 13879 | Lair:3   | Reached skill level 12 in Invocations
 14108 | Lair:3   | Found a staircase to the Shoals.
 15160 | Lair:4   | Killed a one-headed hydra
 15305 | Lair:4   | Noticed a six-headed hydra
 15313 | Lair:4   | Killed a five-headed hydra
 15324 | Lair:4   | Noticed Kirke
 15347 | Lair:4   | HP: 1/123 [hog[Kirke] (7)]
 15357 | Lair:3   | HP: 1/123 [hog[Kirke] (11)]
 15599 | Lair:4   | Killed Kirke
 15599 | Lair:4   | Reached XP level 13. HP: 83/105 MP: 20/20
 16290 | Lair:4   | Found a blossoming altar of Fedhas.
 17237 | Lair:6   | Entered Level 6 of the Lair of Beasts
 17366 | Lair:6   | Reached skill level 13 in Invocations
 17477 | Lair:6   | Noticed a dire elephant
 17737 | Lair:6   | Reached skill level 10 in Evocations
 17917 | Orc:1    | Entered Level 1 of the Orcish Mines
 17917 | Orc:1    | Found Kehojegg's Book Shop.
 18141 | Orc:1    | Found Linleti's Magic Scroll Emporium.
 18479 | Orc:2    | Entered Level 2 of the Orcish Mines
 18479 | Orc:2    | Found a staircase to the Elven Halls.
 19589 | Orc:2    | Gained mutation: You resist negative energy. (rN+) [Deep
                  | Dwarf growth]
 19589 | Orc:2    | Reached XP level 14. HP: 87/114 MP: 22/22
 19863 | Orc:2    | Reached skill level 14 in Invocations
 20181 | Orc:2    | Noticed an orc warlord
 20274 | Orc:2    | Killed an orc warlord
 20490 | Orc:2    | Found Ceidwok's Book Emporium.
 20490 | Orc:2    | Found Ifaacixt's Weapon Boutique.
 20491 | Orc:2    | Found Cadehoc's Gadget Boutique.
 20491 | Orc:2    | Found Egruaha's Weapon Shoppe.
 20704 | Orc:2    | Found a runed translucent door.
 21072 | Orc:1    | Found Xosiczaw's Book Shoppe.
 21074 | Orc:1    | Found Vescheuh's Jewellery Emporium.
 21119 | Orc:1    | Found a shimmering blue altar of Sif Muna.
 21223 | Orc:2    | Bought a +0 broad axe for 44 gold pieces
 21223 | Orc:2    | Bought a +5 vorpal hand crossbow for 354 gold pieces
 21330 | Orc:1    | Bought a scroll of identify for 22 gold pieces
 22111 | D:12     | Reached skill level 10 in Shields
 23466 | Lair:6   | Reached skill level 15 in Invocations
 23599 | Lair:6   | Noticed Nessos
 23623 | Lair:6   | Killed Nessos
 23881 | Lair:6   | Got a sparkling steel ring
 23905 | Lair:6   | Got an encrusted great mace
 24383 | Lair:1   | Identified the ring of Pikhumor {+Blink rElec MR+ MP+9}
                  | (You found it on level 6 of the Lair of Beasts)
 24394 | Lair:1   | Identified the +6 great mace "Natam" {vorpal, rF++ Int+9
                  | Dex-4} (You found it on level 6 of the Lair of Beasts)
 24541 | Orc:1    | Bought an uncursed ring of see invisible for 195 gold
                  | pieces
 24714 | D:13     | Found a snail-covered altar of Cheibriados.
 25141 | D:13     | Reached XP level 15. HP: 60/120 MP: 24/24
 26036 | D:13     | Found a gate to the Vaults.
 26126 | D:13     | Found a portal to a secret trove of treasure.
 27211 | D:14     | Reached skill level 16 in Invocations
 27266 | D:14     | Noticed Louise
 27309 | D:14     | Killed Louise
 27391 | D:15     | Entered Level 15 of the Dungeon
 27521 | D:15     | Found a staircase to the Depths.
 28853 | Orc:2    | Found a roughly hewn altar of Beogh.
 29063 | Spider:1 | Entered Level 1 of the Spider Nest
 29597 | Lair:3   | Reached XP level 16. HP: 83/127 MP: 26/26
 30593 | Spider:1 | You fall into a shaft and drop 1 floor!
 30782 | Spider:2 | Reached skill level 17 in Invocations
 30793 | Spider:2 | Reached skill level 15 in Axes
 31297 | Spider:2 | Found a runed translucent gate.
 31297 | Spider:2 | Found a runed translucent gate.
 31297 | Spider:2 | Found a runed translucent gate.
 31607 | Spider:2 | Noticed p0werm0de's ghost (journeyman DDFi)
 31827 | Spider:2 | Reached skill level 15 in Armour
 33376 | Spider:3 | Noticed Arachne
 33526 | Spider:2 | Killed Arachne
 33856 | Spider:4 | Entered Level 4 of the Spider Nest
 34364 | Spider:4 | Reached XP level 17. HP: 91/133 MP: 27/27
 34588 | Spider:4 | Reached skill level 18 in Invocations
 35379 | Spider:4 | Gained mutation: You passively map a large area around you.
                  | [Deep Dwarf growth]
 35379 | Spider:4 | Reached XP level 18. HP: 104/141 MP: 29/29
 37050 | Spider:4 | Got a gossamer rune of Zot
 37325 | Shoals:1 | Entered Level 1 of the Shoals
 38609 | Shoals:2 | HP: 7/141 [merfolk aquamancer/torrent of water (32)]
 38705 | Shoals:2 | Reached skill level 19 in Invocations
 38993 | Shoals:2 | Noticed Donald
 39029 | Shoals:2 | Killed Donald
 39121 | Shoals:2 | Reached skill level 15 in Shields
 39240 | Shoals:2 | Noticed Nikola
 39266 | Shoals:2 | Killed Nikola
 39284 | Shoals:2 | HP: 6/141 [drowned by a water nymph (2)]
 40691 | Depths:1 | Entered Level 1 of the Depths
 40718 | Depths:1 | Reached XP level 19. HP: 65/147 MP: 28/28
 41223 | Depths:1 | Reached skill level 20 in Invocations
 41739 | Depths:1 | Found a gateway to Hell.
 41988 | Depths:1 | HP: 1/147 [catoblepas (14)]
 42000 | Depths:1 | Killed from afar by an iron dragon

Illustrated notes

Levels and vault maps discovered:
D:1:      sevenhm_arrival_forest_fort_small_3, layout_basic, minmay_box_of_dots
D:2:      layout_basic, kennysheep_okawaru_gauntlet, vehumet_crystals,
          old_standard_altar, uniq_terence
D:3:      layout_loops_ring
D:4:      kennysheep_spiral_hall, layout_loops_cross, overflow_temple_1_default,
          nicolae_overflow_crystal_walls, temple_doors_e, supply_closet_lemuel,
          uniq_grinder
D:5:      layout_cave_pools, kennysheep_mini, serial_gnoll_camp,
          gnoll_camp_mini_hut, gnoll_camp_mini_hut, gnoll_camp_mini_house,
          gnoll_camp_medium_01, hangedman_abyss_or_decor_stagger,
          kb_lookout_dungeons_type
D:6:      layout_gridville, kennysheep_mini_moat,
          nicolae_qazlal_general_emergency, lemuel_doored_altar
D:7:      layout_layer_cave, gammafunk_ghost_grave, minmay_misc_feat_diagonals,
          uniq_harold
D:8:      layout_basic, dancing_weapons_uskayaw, minmay_mini_ossuary
D:9:      layout_long_grid, lemuel_round_altar, xom_butterflies, uniq_erica
D:10:     layout_stronghold, orc_0_dummy, basic_altar
D:11:     layout_irregular_city, erik_lair_orcish_takeover, serial_shops, shop
D:12:     layout_irregular_city
D:13:     minmay_glassy_protrusions, layout_long_grid,
          grunt_vaults_entry_fortified, enter_trove_5, cheibriados_altar_1
D:14:     minmay_opposing_rooms, layout_long_grid, minmay_tree_intersection,
          uniq_louise
D:15:     hangedman_depths_entry_civil_slaughter, layout_basic, nicolae_wwwww
Temple:   compressed_dpeg_circular_temple
Lair:1:   beast_lair_carwin_large_3, layout_gridlike, lemuel_centaur_altar,
          serial_bayou_shore_a, infiniplex_staircase_pool
Lair:2:   layout_cave_pods
Lair:3:   layout_roguey, minmay_shoals_entry_lonely_mermaid, dummy_spider_entry,
          serial_bayou_shore_b, grunt_megastairs_2, lemuel_fruit_tree,
          minmay_lair_oklob_chamber, uniq_nergalle
Lair:4:   layout_misc_corridors, tgw_fedhas, uniq_kirke
Lair:5:   layout_gridlike, minmay_slime_entry_oklob_enclosed
Lair:6:   gammafunk_lair_ancient_temple, layout_cellular_growth,
          serial_bayou_pond_d, uniq_nessos
Shoals:1: cheibrodos_shoals_baths, layout_shoals,
          nicolae_shoals_dead_sea_scrolls
Shoals:2: layout_shoals, uniq_donald, uniq_nikola
Shoals:3: layout_shoals, nicolae_shoals_mertower
Spider:1: nicolae_spider_mines_3, drop_trap
Spider:2: layout_chambers, gammafunk_ghost_split, nicolae_spider_cling_ruins
Spider:3: layout_spider_delve, nicolae_spider_webs_and_nodes, uniq_arachne
Spider:4: spider_rune_water
Orc:1:    layout_caves, serial_shops, nicolae_shop_statue_plus, shop,
          nicolae_shop_temple_entry_statues_fountains, shop,
          nicolae_orc_flooded_monolith, led_sif_book
Orc:2:    st_orc_ogre_mass, layout_caves, lightli_church_of_beogh
Depths:1: layout_honeycomb, grunt_metal_band, minmay_misc_feat_enclosed,
          hangedman_cracks_in_the_wall, firewood_loft

Skill      XL: |  1  2  3  4  5  6  7  8  9 10 11 12 13 14 15 16 17 18 19 |
---------------+----------------------------------------------------------+-----
Fighting       | 2 3 4 |  4.1
Dodging        | 3 4 |  4.1
Crossbows      | 5 6 7 8 9 10 | 10.0
Axes           | 2 4 5 7 9 10 11 12 13 14 15 16 17 18 | 18.0
Armour         | 1 2 3 5 7 8 9 11 12 13 14 15 17 | 17.8
Invocations    | 3 5 7 9 11 12 13 15 16 17 18 19 20 | 20.4
Evocations     | 1 6 8 10 11 | 11.1
Shields        | 1 5 7 9 10 12 13 15 | 15.0
Stealth        | |  1.2

Action                   |  1- 3 |  4- 6 |  7- 9 | 10-12 | 13-15 | 16-18 | 19-21 || total
-------------------------+-------+-------+-------+-------+-------+-------+-------++-------
Melee: Short sword       |    68 |       |       |       |       |       |       ||    68
       Hand axe          |       |   146 |    37 |       |       |       |       ||   183
       War axe           |       |       |    76 |   524 |   600 |       |       ||  1200
       Scimitar          |       |       |       |    19 |     2 |       |       ||    21
       Unarmed           |       |       |       |     3 |       |       |       ||     3
       Broad axe         |       |       |       |       |   949 |  1417 |   361 ||  2727
 Fire: Hand crossbow     |    42 |   110 |   278 |   342 |   391 |   384 |       ||  1547
Throw: Dart              |       |     7 |     2 |    21 |    14 |    10 |       ||    54
       Throwing net      |       |       |     4 |     7 |       |     3 |       ||    14
       Javelin           |       |       |       |     4 |     3 |       |       ||     7
Invok: Lesser Healing    |       |       |    17 |   100 |   191 |   165 |    40 ||   513
       Greater Healing   |       |       |       |     2 |     4 |     6 |       ||    12
       Divine Vigour     |       |       |       |     1 |     1 |       |       ||     2
       Heal Other        |       |       |       |       |       |     1 |       ||     1
 Abil: Heal Wounds       |       |     4 |     2 |       |     1 |     7 |       ||    14
Evoke: Wand              |       |       |    10 |    48 |    25 |    17 |       ||   100
       Tin of tremorston |       |       |       |     3 |    13 |    12 |       ||    28
       Lightning rod     |       |       |       |       |    16 |    23 |     7 ||    46
       Phantom mirror    |       |       |       |       |       |       |     2 ||     2
  Use: Scroll            |       |     2 |    10 |    18 |    17 |    16 |       ||    63
       Potion            |       |       |     4 |     7 |    13 |    16 |     3 ||    43
 Stab: Sleeping          |     1 |       |       |       |       |       |       ||     1
       Held in net/web   |       |       |       |       |       |     2 |       ||     2
Armor: Leather armour    |    21 |       |       |       |       |       |       ||    21
       Scale mail        |       |    73 |   114 |    19 |       |       |       ||   206
       Skin              |       |       |    45 |       |       |     6 |       ||    51
       Chain mail        |       |       |       |   355 |   623 |       |       ||   978
       Plate armour      |       |       |       |       |   175 |  1101 |   148 ||  1424
Dodge: Dodged            |    60 |   155 |   199 |   446 |   550 |   677 |   149 ||  2236
Block: Kite shield       |       |       |       |    66 |   975 |  1469 |   251 ||  2761
       Rpst.: Scimitar   |       |       |       |     3 |     2 |       |       ||     5

Table legend: (Time is in decaauts)
 A = Elapsed time spent in this place.
 B = Non-inter-level travel time spent in this place.
 C = Inter-level travel time spent in this place.
 D = Time resting spent in this place.
 E = Time spent auto-exploring this place.
 F = Levels seen in this place.
 G = Mean time per level.
                   A        B        C        D        E       F      G
               +--------+--------+--------+--------+--------+-----+--------+
         Total |  42002 |  38980 |   3022 |   6252 |  20290 |  32 | 1312.6 |
       Dungeon |  17247 |  15861 |   1386 |   1942 |   9717 |  15 | 1149.8 |
        Temple |     42 |     27 |     15 |      0 |     20 |   1 |   42.0 |
          Lair |   9300 |   8355 |    945 |   1064 |   4549 |   6 | 1550.0 |
        Shoals |   3128 |   2996 |    132 |    356 |   1242 |   3 | 1042.7 |
   Spider Nest |   7218 |   6961 |    257 |   1629 |   2962 |   4 | 1804.5 |
  Orcish Mines |   3841 |   3557 |    284 |   1104 |   1236 |   2 | 1920.5 |
        Depths |   1223 |   1223 |      0 |    155 |    563 |   1 | 1223.0 |
               +--------+--------+--------+--------+--------+-----+--------+

Top non-repeatable levels by time:
Spider:4: 3039 daAuts
   Orc:2: 2796 daAuts
  Lair:3: 2177 daAuts
  Lair:6: 2017 daAuts
    D:11: 1752 daAuts
  Lair:1: 1625 daAuts
    D:10: 1610 daAuts
Spider:2: 1575 daAuts
Spider:3: 1470 daAuts
    D:13: 1469 daAuts
  Lair:2: 1284 daAuts
Depths:1: 1223 daAuts
     D:6: 1207 daAuts
    D:14: 1184 daAuts
     D:5: 1176 daAuts
